 Dungeon Crawl Stone Soup version 0.30-a0-743-gbfdf073431 (webtiles) character file.

Game seed: 11575139136676896173

74 Bnni the Shooter (level 4, -2/27 HPs)
             Began as a Deep Elf Hunter on Feb 6, 2023.
             Slain by an iguana (10 damage)
             ... on level 3 of the Dungeon.
             The game lasted 00:01:05 (1601 turns).

Bnni the Shooter (Deep Elf Hunter)                  Turns: 1601, Time: 00:01:05

Health: -2/27      AC:  3    Str:  8    XL:     4   Next: 10%
Magic:  6/6        EV: 12    Int: 14    God:
Gold:   90         SH:  0    Dex: 20    Spells: 3/3 levels left

rFire   . . .      SeeInvis .    a - +0 shortbow
rCold   . . .      Faith    .    (shield currently unavailable)
rNeg    . . .      Spirit   .    c - +0 leather armour
rPois   .          Reflect  .    (no helmet)
rElec   .          Harm     .    (no cloak)
rCorr   .          Rampage  .    (no gloves)
Will    .....                    (no boots)
Stlth   ++                       (no amulet)
HPRegen 0.24/turn                (no ring)
MPRegen 0.10/turn                (no ring)

@: no status effects
A: no striking features
a: no special abilities


You were on level 3 of the Dungeon.
You visited 1 branch of the dungeon, and saw 3 of its levels.

You collected 90 gold pieces.

Inventory:

Hand Weapons
 a - a +0 shortbow (weapon)
Missiles
 j - 2 poisoned darts
Armour
 c - a +0 leather armour (worn)
Scrolls
 b - a scroll of immolation
 e - 3 scrolls of enchant armour {unknown}
 f - 2 scrolls of identify {unknown}
 h - a scroll of teleportation {unknown}
 i - a scroll of poison {unknown}
Potions
 d - 2 potions of curing
 g - a potion of flight {unknown}


   Skills:
 + Level 2.4 Fighting
 * Level 6.9 Ranged Weapons
 - Level 2.4 Dodging
 - Level 1.2 Stealth


You had 3 spell levels left.
You didn't know any spells.
Your spell library was empty.

Dungeon Overview and Level Annotations

Branches:
Dungeon (3/15)

Altars:


Message History

There is a stone staircase leading down here.
You climb downwards.
The hobgoblin shouts!
Found 3 stones and a tiny fluorescent amulet.
There is a stone staircase leading up here.
There are monsters nearby!
There are monsters nearby!
You shoot an arrow. The arrow hits the hobgoblin!
You kill the hobgoblin!
The goblin shouts!
You hear an angry hiss.
An iguana comes into view.
You hear an angry hiss.
You shoot an arrow. The arrow closely misses the goblin.
You shoot an arrow. The arrow misses the goblin.
You shoot an arrow. The arrow closely misses the goblin.
You shoot an arrow. The arrow hits the goblin!
You kill the goblin!
The iguana barely misses you.
You shoot an arrow. The arrow barely misses the iguana.
A bat comes into view.
The iguana closely misses you.
The bat moves out of view.
You shoot an arrow.
The arrow hits the iguana but does no damage.
The iguana barely misses you.
You shoot an arrow. The arrow hits the iguana.
The iguana is lightly wounded.
The iguana bites you!
A frilled lizard comes into view.
The iguana bites you!
Ouch! That really hurt!
* * * LOW HITPOINT WARNING * * *
You are too injured to fight recklessly!
You are too injured to fight recklessly!
Throw: 2 darts (poison)
Press: ? - help, Shift-Dir - straight line, f/p - iguana
Aim: an iguana (lightly wounded, 66% to hit)
Okay, then.
It was a potion of curing.
You feel better. The iguana closely misses you. The iguana bites you!
You die...

"..# .#.# .#.#
.†.# ...# (..
##.###.#
#@l....#
......)...####
####l####....
.. ...... #..
##.#. #. # .


You could see an iguana and a frilled lizard.

Vanquished Creatures
  An adder (D:2)
  A gnoll (D:1)
  A worm (D:2)
  A dart slug (D:1)
  5 bats (D:1)
  3 endoplasms
  3 giant cockroaches
  8 hobgoblins
  3 jackals (D:1)
  5 kobolds (D:1)
  2 quokkas (D:1)
  2 ball pythons (D:1)
  3 frilled lizards
  4 goblins
  4 rats
46 creatures vanquished.

Notes
Turn   | Place    | Note
-------+----------+-------------------------------------------
     0 | D:1      | Bnni the Deep Elf Hunter began the quest for the Orb.
     0 | D:1      | Reached XP level 1. HP: 12/12 MP: 3/3
    20 | D:1      | Reached XP level 2. HP: 17/17 MP: 4/4
   116 | D:1      | Reached skill level 6 in Ranged Weapons
   164 | D:1      | Reached XP level 3. HP: 21/21 MP: 5/5
   656 | D:2      | Found a faded altar of an unknown god.
   656 | D:2      | Noticed an eye of devastation
   659 | D:2      | Noticed a golden eye
   659 | D:2      | Noticed a shining eye
   659 | D:2      | Noticed a golden eye
   832 | D:2      | Reached XP level 4. HP: 20/27 MP: 6/6
  1601 | D:3      | Slain by an iguana

Illustrated notes

Levels and vault maps discovered:
D:1:      wander_arrival_peaceful_grave, layout_basic, serial_aquarium,
          aquarium_bridge_island_small [aquarium_subvault_small_open,
          aquarium_subvault_wall, aquarium_subvault_wall,
          aquarium_subvault_balcony, aquarium_subvault_bridge],
          aquarium_window_1, aquarium_window_fake, aquarium_window_1,
          aquarium_window_corridor_3, aquarium_view_2c, aquarium_view_2d,
          aquarium_balcony_3b, aquarium_pool_2
D:2:      layout_basic, hellmonk_ecumenical_altar_watching_god
D:3:      layout_basic, old_standard_altar, lightli_corner_chamber

Skill      XL: |  1  2 |
---------------+-------+-----
Ranged Weapons | 6 |  6.9
Fighting       | 2 |  2.4
Dodging        | |  2.4
Stealth        | |  1.2

Action                     |  1- 3 |  4- 6 || total
---------------------------+-------+-------++-------
   Fire: Shortbow          |    91 |    14 ||   105
    Use: Potion            |       |     1 ||     1
 Armour: Leather armour    |     6 |       ||     6
  Dodge: Dodged            |    14 |     4 ||    18

Table legend: (Time is in decaauts)
 A = Elapsed time spent in this place.
 B = Non-inter-level travel time spent in this place.
 C = Inter-level travel time spent in this place.
 D = Time resting spent in this place.
 E = Time spent auto-exploring this place.
 F = Levels seen in this place.
 G = Mean time per level.
                   A        B        C        D        E       F      G
               +--------+--------+--------+--------+--------+-----+--------+
         Total |   1625 |   1390 |    235 |      0 |   1198 |   3 |  541.7 |
       Dungeon |   1625 |   1390 |    235 |      0 |   1198 |   3 |  541.7 |
               +--------+--------+--------+--------+--------+-----+--------+

Top non-repeatable levels by time:
     D:2: 1012 daAuts
     D:1: 601 daAuts
     D:3: 11 daAuts
